 Dungeon Crawl Stone Soup version 0.23.0-3-gf3c87f2 (webtiles) character file.

Game seed: 10962356672330870719

120983 Lauz the Minotaur Blade (level 16, 0/134 HPs)
             Began as a Minotaur Berserker on Feb 21, 2019.
             Was the Champion of Trog.
             Slain by an alligator (13 damage)
             ... on level 2 of the Swamp on Feb 22, 2019.
             The game lasted 01:44:38 (31363 turns).

Lauz the Minotaur Blade (Minotaur Berserker)       Turns: 31363, Time: 01:44:39

Health: 0/134      AC: 18    Str: 40    XL:     16   Next: 31%
Magic:  15/15      EV: 14    Int:  4    God:    Trog [******]
Gold:   1345       SH:  0    Dex: 10    Spells: 15/15 levels left

rFire    . . .     SeeInvis +   a - +8 triple sword of Anguish {speed, -Tele rPois SInv Stlth+}
rCold    + . .     Gourm    .   (shield currently unavailable)
rNeg     . . .     Faith    .   R - +2 plate armour {MR+}
rPois    +         Spirit   .   b - +0 hat
rElec    .         Reflect  .   q - +0 cloak
rCorr    .         Harm     .   (no gloves)
MR       +++..     NoTele   +   W - +1 pair of boots
Stlth    ..........             S - amulet "Imuduisu" {Acrobat Str+6}
HPRegen  0.32/turn              e - ring "Tuzirph" {rC+ MR+ Str+3 Stlth+}
MPRegen  0.14/turn              M - ring of Foliym {AC+1 Str+2}

@: corroded, studying Armour
A: retaliatory headbutt, horns 2, frail 1, screaming 1
a: Berserk, Trog's Hand, Brothers in Arms, Renounce Religion


You were on level 2 of the Swamp.
You worshipped Trog.
Trog was exalted by your worship.
You were not hungry.

You visited 4 branches of the dungeon, and saw 25 of its levels.
You also visited: Gauntlet.

You collected 2553 gold pieces.
You spent 1208 gold pieces at shops.

Inventory:

Hand Weapons
 a - the +8 triple sword of Anguish (weapon) {speed, -Tele rPois SInv Stlth+}
   (Trog gifted it to you on level 1 of the Orcish Mines)

   Attacks with this weapon are significantly faster.
   It protects you from poison.
   It lets you see invisible.
   It prevents most forms of teleportation.
   It makes you more stealthy.
 p - a +0 scimitar of flaming
 I - a +5 shortbow of flaming
 Q - the +3 short sword "Lisoani" {pierce, rN+ Stlth+}
   (You found it on level 7 of the Dungeon)

   It inflicts extra damage upon your enemies.
   It protects you from negative energy.
   It makes you more stealthy.
 V - a +1 double sword of electrocution
 X - a +6 long sword of electrocution
Missiles
 U - 3 needles of sleeping
Armour
 b - a +0 hat (worn)
 f - a +0 plate armour of fire resistance
 q - a +0 cloak (worn)
 y - a +0 pair of boots of flying
 H - a +1 buckler of poison resistance
 R - a +2 plate armour of magic resistance (worn)
 W - a +1 pair of boots (worn)
Jewellery
 e - the ring "Tuzirph" (left hand) {rC+ MR+ Str+3 Stlth+}
   (You bought it in a shop on level 2 of the Orcish Mines)

   [ring of stealth]

   It affects your strength (+3).
   It protects you from cold.
   It affects your resistance to hostile enchantments.
   It makes you more stealthy.
 r - a +5 ring of dexterity
 F - a +5 ring of dexterity
 M - the ring of Foliym (right hand) {AC+1 Str+2}
   (You found it on level 5 of the Lair of Beasts)

   [ring of protection]

   It affects your AC (+1).
   It affects your strength (+2).
 O - an uncursed ring of poison resistance
 S - the amulet "Imuduisu" (around neck) {Acrobat Str+6}
   (You bought it in a shop on level 2 of the Orcish Mines)

   [amulet of the acrobat]

   It helps you evade while moving and waiting.
   It affects your strength (+6).
Wands
 l - a wand of iceblast (8)
 x - a wand of acid (18)
 N - a wand of paralysis (14)
 P - a wand of polymorph (14)
 T - a wand of digging (6)
Scrolls
 h - 8 scrolls of enchant armour
 i - 2 scrolls of enchant weapon
 m - 3 scrolls of fog
 o - 10 scrolls of teleportation
 t - a scroll of holy word
 v - 2 scrolls of blinking
 A - 9 scrolls of remove curse
 D - 4 scrolls of magic mapping
 E - a scroll of brand weapon
 G - 4 scrolls of fear
 L - 4 scrolls of identify
Potions
 d - 14 potions of curing
 g - 5 potions of mutation
 k - 3 potions of resistance
 n - 5 potions of cancellation
 s - 3 potions of agility
 u - a potion of flight
 z - 2 potions of invisibility
 B - 3 potions of might
 C - 3 potions of magic {unknown}
 J - 3 potions of ambrosia
 K - 3 potions of berserk rage
 Y - 3 potions of haste
Books
 w - a manual of Armour
Comestibles
 c - 27 rations


   Skills:
 + Level 15.5 Fighting
 - Level 1.0(13.6) Short Blades
 + Level 21.4 Long Blades
 * Level 18.6 Armour
 * Level 12.2 Dodging
 - Level 1.7 Stealth
 - Level 0.1 Shields


You had 15 spell levels left.
You didn't know any spells.
Your spell library was empty.

Dungeon Overview and Level Annotations

Branches:
Dungeon (15/15)            Temple (0/1) D:4            Lair (6/6) D:9
  Swamp (2/4) Lair:3        Snake (0/4) Lair:2        Slime (0/5) Lair:6
    Orc (2/2) D:11            Elf (0/3) Orc:2        Depths (0/5) D:15
 Vaults: D:13-14

Altars:
Ashenzari
Elyvilon
Makhleb
Nemelex Xobeh
Ru
Trog
Uskayaw
Wu Jian
Xom
Beogh

Shops:
Orc:2 =??=

Annotations:
D:6 3 runed translucent doors, MalarOregon's ghost, novice MfSu; Tiagovsky's ghost, novice GrEE; inmateoo's ghost, novice HuCK


Innate Abilities, Weirdness & Mutations

You reflexively headbutt those who attack you in melee.
You have a pair of horns on your head.
You are frail. (-10% HP)
You occasionally shout uncontrollably at your foes.


Message History

* * * LOW HITPOINT WARNING * * *
The tyrant leech draws strength from your injuries!
Unknown command.
You slice the alligator!! You headbutt the alligator.
The alligator is moderately wounded.
You slice the alligator!! You headbutt the alligator.
The alligator is severely wounded.
The alligator barely misses you. You furiously retaliate!
You headbutt the alligator! The alligator closely misses you.
The tyrant leech closely misses you. You furiously retaliate!
You headbutt the tyrant leech! You slash the alligator!
The alligator is almost dead.
The alligator bites you!!
* * * LOW HITPOINT WARNING * * *
The alligator tail-slaps you but does no damage.
You feel better.
An insubstantial wisp comes into view.
The alligator bites you!
You die...

≈≈≈♣♣♣♣≈.≈..>.♣
.≈≈≈♣≈♣≈≈≈≈..♣
..≈..≈♣≈≈≈.≈≈♣
≈))..♣≈....♣ ♣♣♣♣♣
≈≈<÷.≈≈♣♣..♣♣♣♣♣≈≈(♣♣♣♣ §
..)≈..♣♣♣♣♣...♣≈≈≈≈..≈♣..
....≈≈.≈≈♣♣....§≈≈≈≈≈.§..
≈≈..≈≈..≈♣♣♣≈≈≈.≈w≈≈v≈.v.
≈≈(.≈≈≈≈.≈≈≈§♣♣♣@tv≈≈≈..≈
.....≈≈≈≈≈≈≈.♣ ♣♣♣.≈≈≈...
.(≈.≈≈≈≈≈≈≈.≈♣ .≈≈≈≈≈≈
.♣≈.≈≈≈≈≈≈≈..≈ ≈≈≈≈≈≈.
.♣♣.≈≈.≈.≈(..♣ ≈≈≈≈...
≈...≈...(..... .≈≈≈...
.≈≈≈≈..§.. .≈≈≈≈≈≈
†≈≈≈≈≈...♣ ♣.§≈≈≈≈
.§≈≈≈^..♣


You could see an alligator, a tyrant leech and 3 insubstantial wisps.

Vanquished Creatures
  A thorn hunter (Swamp:1)
  2 orc warlords
  A very ugly thing (Swamp:2)
  A minotaur (Gauntlet)
  A dire elephant (D:14)
  The ghost of Curus the Bludgeoner, a journeyman MiGl of Trog (Lair:5)
  3 ogre magi (Orc:2)
  Harold (D:8)
  8 hydras
  A great orb of eyes (Gauntlet)
  2 catoblepae (Lair:6)
  17 two-headed ogres
  2 dancing weapons (D:13)
  The ghost of Adventiser the Basher, a journeyman GrBe of Trog (Lair:3)
  5 centaur warriors
  8 alligators
  4 death yaks (Lair:6)
  A deep troll shaman (Lair:6)
  Nergalle (Lair:4)
  A spriggan druid (Swamp:1)
  2 wizards (D:15)
  2 deep trolls (Orc:2)
  2 swamp dragons (Swamp:1)
  2 orc knights
  A lindwurm (Lair:6)
  7 orc sorcerers
  A salamander (D:15)
  9 cyclopes
  2 oklob plants
  3 deep elf magi (D:15)
  10 ugly things
  2 wolf spiders (D:15)
  A manticore (D:15)
  14 elephants
  A worldbinder (Gauntlet)
  6 black mambas
  2 moths of wrath (Lair:5)
  4 orange demons (D:12)
  A torpor snail (Lair:5)
  Psyche (D:8)
  A gargoyle (D:13)
  5 centaur skeletons
  15 spiny frogs
  A freezing wraith (D:12)
  A rime drake (Lair:5)
  A minotaur zombie (Gauntlet)
  4 komodo dragons
  An efreet (D:15)
  A red devil (D:12)
  16 trolls
  5 tyrant leeches
  8 polar bears
  Grinder (D:3)
  3 hornets
  4 blink frogs (Lair:6)
  12 slime creatures
  A bog body (Swamp:2)
  Prince Ribbit (D:8)
  A dream sheep (Lair:5)
  7 hippogriffs
  A centaur simulacrum (D:15)
  2 shadows
  A wyvern (D:13)
  A vampire (D:14)
  2 wraiths
  48 yaks
  5 spriggans
  2 basilisks
  A large abomination (Gauntlet)
  6 vampire mosquitoes
  3 hungry ghosts
  5 wargs
  Menkaure (D:6)
  A soldier ant (D:15)
  3 nagas (Lair:2)
  3 swamp worms
  2 acid dragons (D:15)
  5 insubstantial wisps (Swamp:1)
  Duvessa (D:5)
  10 water moccasins
  7 swamp drakes
  8 porcupines
  25 orc warriors
  2 phantoms
  4 sky beasts
  13 black bears
  3 boggarts (Gauntlet)
  3 ice beasts
  A necrophage (D:10)
  10 wolves
  An eye of draining (D:13)
  39 ogres
  7 centaurs
  9 crocodiles
  16 bullfrogs
  A gnoll sergeant (D:10)
  Dowan (D:5)
  3 wyvern skeletons
  5 scorpions
  4 small abominations (Gauntlet)
  27 killer bees
  An electric eel (Lair:2)
  6 wights
  9 crimson imps
  2 howler monkeys (D:7)
  A bullfrog zombie (D:12)
  A centaur zombie (D:8)
  7 jellies
  16 orc priests
  3 hounds
  19 orc wizards
  3 bullfrog skeletons
  2 iguanas
  Ijyb (D:5)
  7 worker ants
  2 hound skeletons
  2 worker ant zombies
  Robin (D:3)
  4 gnolls (D:10)
  14 adders
  4 shadow imps
  7 oozes
  3 adder skeletons
  4 worms
  2 dart slugs
  4 leopard geckos
  84 orcs
  5 giant cockroaches
  11 hobgoblins
  11 jackals
  5 quokkas
  8 bats
  7 frilled lizards
  19 goblins
  A jackal skeleton (D:8)
  5 kobolds
  A leopard gecko skeleton (D:7)
  7 rats
  2 plants
807 creatures vanquished.

Vanquished Creatures (collateral kills)
  A troll (Orc:1)
  3 orc warriors (Orc:1)
4 creatures vanquished.

Vanquished Creatures (others)
  An orc wizard (D:5)
  5 briar patches (Swamp:1)
  6 fungi
  3 plants
15 creatures vanquished.

Grand Total: 826 creatures vanquished

Notes
Turn   | Place    | Note
-------+----------+-------------------------------------------
     0 | D:1      | Lauz the Minotaur Berserker began the quest for the Orb.
     0 | D:1      | Reached XP level 1. HP: 19/19 MP: 0/0
   307 | D:1      | Reached XP level 2. HP: 21/27 MP: 1/1
   324 | D:1      | Reached skill level 4 in Long Blades
   696 | D:1      | Reached XP level 3. HP: 28/33 MP: 2/2
   706 | D:1      | Reached ** piety under Trog
  1237 | D:2      | Found a burning altar of Makhleb.
  1250 | D:2      | Reached skill level 5 in Long Blades
  1250 | D:2      | Reached XP level 4. HP: 39/40 MP: 3/3
  1679 | D:2      | Reached XP level 5. HP: 39/47 MP: 4/4
  2143 | D:3      | Noticed Grinder
  2157 | D:3      | Killed Grinder
  2157 | D:3      | Reached skill level 5 in Fighting
  2157 | D:3      | Reached skill level 7 in Long Blades
  2157 | D:3      | Reached skill level 1 in Stealth
  2158 | D:3      | Reached XP level 6. HP: 15/56 MP: 5/5
  2575 | D:3      | Noticed Robin
  2581 | D:3      | Reached *** piety under Trog
  2595 | D:3      | Killed Robin
  3421 | D:4      | Found a sparkling altar of Nemelex Xobeh.
  3463 | D:4      | Found a staircase to the Ecumenical Temple.
  3699 | D:5      | Entered Level 5 of the Dungeon
  3699 | D:5      | Noticed Duvessa
  3699 | D:5      | Noticed Dowan
  3991 | D:5      | Killed Duvessa
  3991 | D:5      | Reached XP level 7. HP: 61/61 MP: 6/6
  3992 | D:5      | Killed Dowan
  3992 | D:5      | Reached skill level 8 in Long Blades
  4960 | D:5      | Reached skill level 9 in Long Blades
  5012 | D:5      | Noticed Ijyb
  5359 | D:5      | Killed Ijyb
  5763 | D:5      | Reached XP level 8. HP: 51/70 MP: 7/7
  5896 | D:6      | Noticed Menkaure
  5909 | D:6      | Killed Menkaure
  6229 | D:6      | Reached skill level 5 in Dodging
  6301 | D:6      | Found a runed translucent gate.
  6302 | D:6      | Found a runed translucent gate.
  6311 | D:6      | Found a runed translucent gate.
  6357 | D:6      | Found a sparkling altar of Nemelex Xobeh.
  6631 | D:6      | Noticed MalarOregon's ghost (novice MfSu)
  6631 | D:6      | Noticed Tiagovsky's ghost (novice GrEE)
  6632 | D:6      | Noticed inmateoo's ghost (novice HuCK)
  6770 | D:7      | Reached **** piety under Trog
  6770 | D:7      | Reached skill level 10 in Long Blades
  7437 | D:7      | Reached skill level 11 in Long Blades
  7437 | D:7      | Reached XP level 9. HP: 48/79 MP: 8/8
  8358 | D:8      | Noticed Psyche
  8370 | D:8      | Killed Psyche
  8499 | D:8      | Noticed a two-headed ogre
  8512 | D:8      | Killed a two-headed ogre
  8512 | D:8      | Reached skill level 12 in Long Blades
  8512 | D:8      | Reached skill level 5 in Armour
  8858 | D:8      | Found an ornate altar of the Wu Jian Council.
  9035 | D:8      | Noticed Prince Ribbit
  9046 | D:8      | Noticed Harold
  9057 | D:8      | Killed Harold
  9057 | D:8      | Reached XP level 10. HP: 85/88 MP: 9/9
  9115 | D:8      | Killed Prince Ribbit
  9217 | D:8      | Noticed a two-headed ogre
  9226 | D:8      | Killed a two-headed ogre
  9226 | D:8      | Reached skill level 13 in Long Blades
 10473 | D:9      | Found a hide-covered altar of Uskayaw.
 10566 | D:9      | Found a white marble altar of Elyvilon.
 10566 | D:9      | Found a shattered altar of Ashenzari.
 10619 | D:9      | Found a shimmering altar of Xom.
 10723 | D:9      | Found a sacrificial altar of Ru.
 10882 | D:9      | Found a staircase to the Lair.
 11073 | D:10     | Entered Level 10 of the Dungeon
 11136 | D:10     | Reached skill level 14 in Long Blades
 11140 | D:10     | Reached ***** piety under Trog
 11315 | D:10     | Reached XP level 11. HP: 87/97 MP: 10/10
 11360 | D:10     | Noticed a two-headed ogre
 11566 | D:11     | Noticed a seven-headed hydra
 11662 | D:10     | Killed a two-headed ogre
 12112 | D:10     | Noticed a green ugly thing
 12125 | D:10     | Killed a green ugly thing
 12720 | D:7      | Got a jewelled short sword
 12721 | D:7      | Identified the cursed +3 short sword "Lisoani" {pierce, rN+
                  | Stlth+} (You found it on level 7 of the Dungeon)
 12847 | D:11     | Noticed a two-headed ogre
 12955 | D:11     | Reached skill level 10 in Fighting
 12958 | D:11     | Reached skill level 15 in Long Blades
 13023 | D:11     | Killed a two-headed ogre
 13023 | D:11     | Reached skill level 10 in Armour
 13187 | D:11     | Killed a seven-headed hydra
 13474 | D:11     | Noticed a two-headed ogre
 13484 | D:11     | Killed a two-headed ogre
 13484 | D:11     | Reached skill level 1 in Short Blades
 13542 | D:11     | Found a staircase to the Orcish Mines.
 13562 | D:11     | Noticed a two-headed ogre
 13573 | D:11     | Killed a two-headed ogre
 13775 | D:11     | Reached XP level 12. HP: 99/108 MP: 11/11
 13946 | D:11     | Noticed a two-headed ogre
 13955 | D:11     | Killed a two-headed ogre
 14212 | D:11     | Got a shimmering falchion
 14213 | D:11     | Identified the +10 falchion of Nemelex Xobeh's Hope {speed,
                  | rC- rN++ Str+9 Dex-2} (You found it on level 11 of the
                  | Dungeon)
 14889 | D:12     | Received a gift from Trog
 14995 | D:12     | Reached skill level 16 in Long Blades
 15516 | D:13     | Noticed a centaur warrior
 15519 | D:13     | Noticed a centaur warrior
 15927 | D:13     | Killed a centaur warrior
 16076 | D:13     | Killed a centaur warrior
 16127 | D:13     | You fall through a shaft!
 16140 | D:14     | Noticed a two-headed ogre
 16144 | D:14     | Killed a two-headed ogre
 16144 | D:14     | Reached XP level 13. HP: 97/118 MP: 12/12
 16406 | D:14     | Identified a scroll of acquirement
 17130 | D:15     | Entered Level 15 of the Dungeon
 17149 | D:15     | Reached ****** piety under Trog
 17149 | D:15     | Received a gift from Trog
 17154 | D:15     | Reached skill level 17 in Long Blades
 17167 | D:15     | Reached skill level 10 in Dodging
 17438 | D:15     | Identified the +6 falchion of Terror {slice, Fragile rF+
                  | rC+ MR+++}
 17448 | D:15     | Noticed a dire elephant
 17497 | D:14     | Killed a dire elephant
 17868 | Lair:1   | Entered Level 1 of the Lair of Beasts
 19244 | Lair:2   | Found a staircase to the Snake Pit.
 19633 | Lair:3   | Received a gift from Trog
 20185 | Lair:3   | Found a runed translucent door.
 20186 | Lair:3   | Noticed Adventiser's ghost (journeyman GrBe)
 20195 | Lair:3   | Killed Adventiser's ghost
 20200 | Lair:3   | Got a pitted chain mail
 20326 | Lair:3   | Identified the +5 chain mail "Relu" {Int+2} (You found it
                  | on level 3 of the Lair of Beasts)
 20536 | Lair:3   | Found a staircase to the Swamp.
 21040 | Lair:4   | Reached skill level 18 in Long Blades
 21088 | Lair:4   | Noticed Nergalle
 21094 | Lair:4   | Killed Nergalle
 21094 | Lair:4   | Reached XP level 14. HP: 129/129 MP: 4/13
 22067 | Lair:5   | Found a transporter.
 22076 | Lair:5   | Noticed Curus's ghost (journeyman MiGl)
 22095 | Lair:5   | Killed Curus's ghost
 22191 | Lair:5   | Found a transporter.
 22192 | Lair:5   | Got a transparent gossamer ring
 22197 | Lair:5   | Identified the ring of Foliym {AC+1 Str+2} (You found it on
                  | level 5 of the Lair of Beasts)
 22927 | Lair:6   | Entered Level 6 of the Lair of Beasts
 22984 | Lair:5   | Received a gift from Trog
 23268 | Lair:6   | Reached skill level 19 in Long Blades
 23462 | Lair:6   | Reached skill level 15 in Armour
 24105 | Lair:6   | Found a staircase to the Slime Pits.
 24319 | Lair:6   | Reached XP level 15. HP: 113/138 MP: 4/14
 24817 | Orc:1    | Entered Level 1 of the Orcish Mines
 24894 | Orc:2    | Entered Level 2 of the Orcish Mines
 24926 | Orc:2    | Found a gate leading to a gauntlet.
 24935 | Gauntlet | Entered a Gauntlet
 24935 | Gauntlet | Found a transporter.
 25099 | Gauntlet | Found a transporter.
 25115 | Gauntlet | Found a transporter.
 25120 | Gauntlet | Found a transporter.
 25137 | Gauntlet | Found a transporter.
 25155 | Gauntlet | Found a transporter.
 25167 | Gauntlet | Found a transporter.
 25172 | Gauntlet | Found a transporter.
 25174 | Gauntlet | Found a transporter.
 25191 | Gauntlet | Found a transporter.
 25209 | Gauntlet | Found a transporter.
 25221 | Gauntlet | Found a transporter.
 25227 | Gauntlet | Found a transporter.
 25227 | Gauntlet | Found a transporter.
 25276 | Gauntlet | Found a transporter.
 25302 | Gauntlet | Found a transporter.
 25304 | Gauntlet | Found a transporter.
 25306 | Gauntlet | Found a transporter.
 25554 | Gauntlet | Gained mutation: You occasionally shout uncontrollably at
                  | your foes. [a shining eye]
 25555 | Gauntlet | Gained mutation: You are frail. (-10% HP) [a shining eye]
 25842 | Gauntlet | Got a faintly glowing plate armour
 25853 | Gauntlet | Identified the +0 plate armour of the Eternal Void {-Tele
                  | rF+++ rC- Dex+5} (You found it in a Gauntlet)
 26311 | Orc:2    | Found a roughly hewn altar of Beogh.
 26318 | Orc:1    | Noticed an orc warlord
 26339 | Orc:1    | Received a gift from Trog
 26395 | Orc:1    | Noticed an orc warlord
 26844 | Orc:1    | Killed an orc warlord
 26844 | Orc:1    | Reached skill level 20 in Long Blades
 26985 | Orc:1    | Got a smoking triple sword {god gift}
 26986 | Orc:1    | Identified the +8 triple sword of Anguish {speed, -Tele
                  | rPois SInv Stlth+} (Trog gifted it to you on level 1 of the
                  | Orcish Mines)
 27219 | Orc:2    | Found a staircase to the Elven Halls.
 27472 | Orc:2    | Found Damyggum's Magic Scroll Emporium.
 27479 | Orc:2    | Found Radwaw's Jewellery Shoppe.
 27904 | Orc:2    | Found Misot's Magic Scroll Boutique.
 27911 | Orc:2    | Found Qufat's Jewellery Shoppe.
 27945 | Orc:2    | Bought the ring "Tuzirph" {rC+ MR+ Str+3 Stlth+} for 564
                  | gold pieces
 27958 | Orc:2    | Bought the amulet "Imuduisu" {Acrobat Str+6} for 644 gold
                  | pieces
 28035 | Orc:2    | Received a gift from Trog
 28313 | Orc:2    | Killed an orc warlord
 28313 | Orc:2    | Reached skill level 15 in Fighting
 29128 | D:15     | Found a staircase to the Depths.
 29410 | D:15     | Reached skill level 21 in Long Blades
 29896 | Swamp:1  | Entered Level 1 of the Swamp
 29947 | Swamp:1  | Reached XP level 16. HP: 127/134 MP: 15/15
 30080 | Swamp:1  | Found a bloodstained altar of Trog.
 30108 | Swamp:1  | Noticed a thorn hunter
 30166 | Swamp:1  | Killed a thorn hunter
 31348 | Swamp:2  | Received a gift from Trog
 31362 | Swamp:2  | HP: 5/134 [alligator (18)]
 31363 | Swamp:2  | Slain by an alligator

Skill      XL: |  1  2  3  4  5  6  7  8  9 10 11 12 13 14 15 16 |
---------------+-------------------------------------------------+-----
Long Blades    | 4 5 7 9 11 12 14 15 16 18 19 21 | 21.4
Fighting       | 4 5 6 7 8 9 10 12 13 14 15 | 15.5
Dodging        | 3 4 5 6 8 9 10 11 12 | 12.2
Stealth        | 1 |  1.7
Armour         | 3 6 9 10 12 13 15 18 | 18.6
Short Blades   | 1 |  1.0
Shields        | |  0.1

Action                   |  1- 3 |  4- 6 |  7- 9 | 10-12 | 13-15 | 16-18 || total
-------------------------+-------+-------+-------+-------+-------+-------++-------
Melee: Falchion          |    88 |   104 |   260 |   247 |   238 |       ||   937
       Headbutt          |    20 |    23 |    63 |   209 |   347 |    42 ||   704
       Scimitar          |       |       |       |   322 |       |     1 ||   323
       Short sword       |       |       |       |     7 |     4 |       ||    11
       Great sword       |       |       |       |       |   520 |       ||   520
       Double sword      |       |       |       |       |    19 |       ||    19
       Triple sword      |       |       |       |       |   191 |   122 ||   313
Invok: Berserk           |       |     3 |     4 |     4 |     4 |       ||    15
       Trog's Hand       |       |       |       |       |     1 |       ||     1
       Brothers in Arms  |       |       |       |       |     1 |       ||     1
  Use: Scroll            |       |       |     4 |     9 |    29 |       ||    42
       Potion            |       |       |       |       |     5 |     2 ||     7
 Stab: Sleeping          |       |       |     1 |       |       |       ||     1
       Petrified         |       |       |       |       |    12 |       ||    12
       Petrifying        |       |       |       |       |     2 |       ||     2
  Eat: Chunk             |     1 |     8 |    17 |    12 |    26 |     1 ||    65
       Ration            |       |     1 |     1 |     6 |     7 |     1 ||    16
Armor: Animal skin       |    11 |    14 |       |       |       |       ||    25
       Robe              |       |       |    12 |       |       |       ||    12
       Ring mail         |       |       |    11 |       |       |       ||    11
       Chain mail        |       |       |    45 |    30 |   227 |       ||   302
       Plate armour      |       |       |       |   163 |   234 |    46 ||   443
Dodge: Dodged            |    65 |    72 |   112 |   235 |   676 |    93 ||  1253
Block: Buckler           |       |       |     2 |    90 |    26 |       ||   118
       Rpst.: Falchion   |    22 |    18 |    22 |    22 |    14 |       ||    98
       Scimitar          |       |       |       |    39 |       |     1 ||    40
       Great sword       |       |       |       |       |   101 |       ||   101
       Triple sword      |       |       |       |       |    37 |    18 ||    55
       Double sword      |       |       |       |       |     4 |       ||     4
